 Dungeon Crawl Stone Soup version 0.31-a0-210-gccc998df9b (webtiles) character file.

Game seed: 7273679473895589762

84 qw the Shooter (level 4, -1/26 HPs)
             Began as a Gargoyle Hexslinger on June 29, 2023.
             Slain by an adder (2 damage)
             ... in a sewer.
             The game lasted 00:00:45 (1816 turns).

qw the Shooter (Gargoyle Hexslinger)                Turns: 1816, Time: 00:00:45

Health: -1/26      AC:  9    Str: 11    XL:     4   Next: 46%
Magic:  5/5        EV: 10    Int: 14    God:
Gold:   60         SH:  0    Dex: 14    Spells: 4/5 levels left

rFire   . . .        Y - +2 sling
rCold   . . .        (no shield)
rNeg    + . .        b - +0 ring mail
rPois   inf          (no helmet)
rElec   +            (no cloak)
rCorr   .            (no gloves)
SInv    .            g - +0 pair of boots
Will    .....        (no amulet)
Stlth   +            (no ring)
HPRegen 0.24/turn    (no ring)
MPRegen 0.09/turn

%: no passive effects
@: about to teleport
A: sickness immunity, AC +3, negative energy resistance 1, electricity
resistance, torment resistance 1, petrification resistance
a: no special abilities


You were in a sewer.
You visited 1 branch of the dungeon, and saw 3 of its levels.
You also visited: Sewer.

You collected 60 gold pieces.


Innate Abilities, Weirdness & Mutations

You are immune to sickness and miasma.
Your stone body is resilient. (AC +3)
You are immune to poison.
You resist negative energy. (rN+)
You are resistant to electric shocks. (rElec)
You are resistant to unholy torment.
You are immune to petrification.


   Skills:
 - Level 2.0 Fighting
 + Level 4.1 Ranged Weapons
 - Level 1.0 Armour
 - Level 1.5 Dodging
 - Level 1.0 Spellcasting
 - Level 2.6 Hexes


You had 4 spell levels left.
You knew the following spells:

 Your Spells              Type           Power      Damage    Failure   Level
a - Slow                  Hex            32%        N/A       21%         1

Your spell library contained the following spells:

 Spells                   Type           Power      Damage    Failure   Level
 Inner Flame              Hex/Fire       4%         N/A       71%         3
 Portal Projectile        Hex/Tloc       8%         N/A       71%         3
 Cause Fear               Hex            4%         N/A       90%         4

Inventory:

Hand Weapons
 Y - a +2 sling (weapon)
Armour
 b - a +0 ring mail (worn)
 g - a +0 pair of boots (worn)
Scrolls
 a - a scroll of identify
 d - a scroll of teleportation
Potions
 c - a potion of curing {unknown}
 e - a potion of haste
 h - a potion of berserk rage {unknown}

Dungeon Overview and Level Annotations

Branches:
Dungeon (3/15)              Sewer (1/1)

Altars:


Message History

The kobold brigand hits you but does no damage.
The adder bites you but does no damage.
The kobold brigand hits you with a +2 short sword of venom.
You shoot a sling bullet.
The sling bullet closely misses the kobold brigand.
The adder bites you but does no damage.
The kobold brigand hits you with a +2 short sword of venom.
The adder bites you.
You shoot a sling bullet.
The sling bullet hits the kobold brigand.
The kobold brigand is moderately wounded.
The adder bites you but does no damage.
The kobold brigand hits you with a +2 short sword of venom.
You shoot a sling bullet.
The sling bullet hits the kobold brigand!
The kobold brigand is heavily wounded.
The adder barely misses you.
The kobold brigand hits you but does no damage.
The adder misses you.
The kobold brigand hits you but does no damage.
You shoot a sling bullet.
The sling bullet barely misses the kobold brigand.
The adder barely misses you. The adder misses you.
The kobold brigand closely misses you.
You shoot a sling bullet.
The sling bullet barely misses the kobold brigand.
The adder bites you but does no damage.
The kobold brigand hits you but does no damage.
The adder bites you.
You shoot a sling bullet.
The sling bullet closely misses the kobold brigand.
The kobold brigand hits you with a +2 short sword of venom.
The adder bites you. The worm bites you.
1816 ||| READING 2 scrolls of teleportation.
As you read the scroll of teleportation, it crumbles to dust.
You feel strangely unstable. The adder barely misses you.
The kobold brigand hits you with a +2 short sword of venom.
The adder bites you.
You die...

~. .. ~# ~# ~#
##~## ##SK.##
#.@w..#
~.~~~~~.\~~~~~~
.~####.~.~.####
##.~.## ##~##
~# ~# ~#


You could see a kobold brigand, a worm and an adder.

Vanquished Creatures
  3 adders (D:2)
  4 worms
  A dart slug (D:3)
  An orc (D:3)
  An endoplasm (D:2)
  5 giant cockroaches
  A goblin (D:3)
  A hobgoblin (D:2)
  3 jackals (D:2)
  3 quokkas (D:3)
  3 ball pythons
  2 bats
  5 frilled lizards
  5 kobolds (D:2)
  6 rats
44 creatures vanquished.

Notes
Turn   | Place    | Note
-------+----------+-------------------------------------------
     0 | D:1      | qw the Gargoyle Hexslinger began the quest for the Orb.
     0 | D:1      | Reached XP level 1. HP: 12/12 MP: 2/2
     0 | D:1      | 0 ||| qw: Version: 0.3-a-24-ga2abf7b
     0 | D:1      | 0 ||| qw: Game counter: 7044
     0 | D:1      | 0 ||| qw: Melee chars always use a shield: true
     0 | D:1      | 0 ||| qw: God list: Okawaru
     0 | D:1      | 0 ||| qw: Allow faded altars: false
     0 | D:1      | 0 ||| qw: Do Orc after clearing Dungeon:15 true
     0 | D:1      | 0 ||| qw: Do second Lair branch before Depths: true
     0 | D:1      | 0 ||| qw: Lair rune preference: random
     0 | D:1      | 0 ||| qw: Goals: Normal
     0 | D:1      | 0 ||| PLANNING D:1-11
   635 | D:1      | Reached XP level 2. HP: 16/16 MP: 3/3
   862 | D:1      | 862 ||| READING scroll labelled ILOTRA PEXAG.
   863 | D:1      | 863 ||| READING 2 scrolls labelled ISTINU KOLYHIMN.
   864 | D:1      | 864 ||| READING scroll labelled OHO XIOCEGA.
   865 | D:1      | 865 ||| DROPPING scroll of poison.
   866 | D:1      | 866 ||| DROPPING scroll of fear.
   920 | D:2      | Reached skill level 3 in Ranged Weapons
   927 | D:2      | 927 ||| FLEEEEING.
   929 | D:2      | 929 ||| FLEEEEING.
   930 | D:2      | 930 ||| FLEEEEING.
   931 | D:2      | 931 ||| FLEEEEING.
   932 | D:2      | 932 ||| FLEEEEING.
   933 | D:2      | 933 ||| STAIRDANCE
   945 | D:1      | 945 ||| READING 3 scrolls labelled KOTAAHI NUFUE.
   946 | D:1      | 946 ||| READING 2 scrolls of identify.
   946 | D:1      | 946 ||| IDENTIFYING silvery potion
   949 | D:2      | 949 ||| STAIRDANCE
  1010 | D:2      | Reached XP level 3. HP: 20/21 MP: 4/4
  1285 | D:2      | Reached XP level 4. HP: 26/26 MP: 5/5
  1504 | D:2      | Reached skill level 4 in Ranged Weapons
  1505 | D:2      | 1505 ||| UPGRADING to +0 ring mail.
  1515 | D:2      | 1515 ||| DROPPING +0 robe.
  1516 | D:2      | 1516 ||| UPGRADING to +0 pair of boots.
  1521 | D:2      | 1521 ||| READING 2 scrolls labelled AFOD QYCEHEC.
  1525 | D:2      | 1525 ||| READING scroll labelled DIMOELIAGIVI.
  1533 | D:3      | 1533 ||| PLANNING SEWER
  1736 | D:3      | Reached skill level 1 in Armour
  1782 | D:3      | 1782 ||| Stepping ~*~*~tactically~*~*~ (water).
  1793 | D:3      | Found a glowing drain.
  1797 | Sewer    | Entered a sewer
  1800 | Sewer    | Noticed a kobold brigand
  1815 | Sewer    | HP: 6/26 [adder (2)]
  1815 | Sewer    | HP: 2/26 [worm (4)]
  1816 | Sewer    | 1816 ||| READING 2 scrolls of teleportation.
  1816 | Sewer    | Slain by an adder

Levels and vault maps discovered:
D:1:      mainiacjoe_arrival_reflecting_pool, layout_basic,
          dreamdust_ecumenical_altar_hidden_monk_grotto, serial_rivers,
          chequers_serial_rivers_micro_a, chequers_serial_rivers_room_b,
          chequers_serial_rivers_room_b, chequers_serial_rivers_micro_d,
          chequers_serial_rivers_small_a, chequers_serial_rivers_small_b
D:2:      layout_basic
D:3:      layout_loops_ring, lightli_temple_of_fire, gup_sewer_entry_spiral,
          serial_shops, nicolae_shop_hallway_plus
Sewer:    sewer_co_15_rooms

Skill      XL: |  1  2  3  4 |
---------------+-------------+-----
Ranged Weapons | 3 4 |  4.1
Fighting       | 2 |  2.0
Armour         | 1 |  1.0
Dodging        | |  1.5
Spellcasting   | |  1.0
Hexes          | |  2.6

Action                     |  1- 3 |  4- 6 || total
---------------------------+-------+-------++-------
   Fire: Sling             |    96 |    75 ||   171
    Use: Scroll            |     5 |     3 ||     8
 Armour: Robe              |    17 |       ||    17
         Ring mail         |       |    26 ||    26
  Dodge: Dodged            |    59 |    25 ||    84

Table legend:
 A = Non-vault XP
 B = Vault XP
 C = Vault XP percentage of total XP
 D = Non-vault monster count
 E = Vault monster count
 F = Vault count percentage of total count
                 A         B        C        D         E       F
            +---------+---------+-------+---------+---------+-------
      Total |     105 |      16 |  13.2 |      37 |       7 |  15.9
            +---------+---------+-------+---------+---------+-------
        D:1 |      12 |       0 |   0.0 |      10 |       0 |   0.0
        D:2 |      80 |       0 |   0.0 |      21 |       0 |   0.0
        D:3 |      13 |      16 |  55.2 |       6 |       7 |  53.8
            +---------+---------+-------+---------+---------+-------
